 Dungeon Crawl Stone Soup version 0.30-a0-719-gcc4359ea44 (webtiles) character file.

Game seed: 2950984681321990298

3410 Newt the Trooper (level 9, -1/72 HPs)
             Began as a Demonspawn Gladiator on Jan 26, 2023.
             Was an Initiate of Gozag.
             Slain by a slime creature (16 damage)
             ... on level 8 of the Dungeon.
             The game lasted 00:09:25 (7324 turns).

Newt the Trooper (Demonspawn Gladiator)             Turns: 7324, Time: 00:09:25

Health: -1/72      AC: 12    Str: 25    XL:     9   Next: 75%
Magic:  16/16      EV: 14    Int: 12    God:    Gozag
Gold:   639        SH: 10    Dex: 20    Spells: 16/18 levels left

rFire   . . .      SeeInvis .    r - +3 short sword (elec)
rCold   + . .      Faith    .    O - +0 kite shield
rNeg    . . .      Spirit   .    w - +1 leather armour of Veschal {rC+ Regen+ Str+6 Stlth+}
rPois   .          Reflect  .    c - +0 helmet
rElec   .          Harm     .    M - +2 cloak
rCorr   .          Rampage  .    j - +0 pair of gloves
Will    .....                    K - +2 pair of boots
Stlth   +++                      (no amulet)
HPRegen 1.12/turn                m - +6 ring of dexterity
MPRegen 0.15/turn                o - ring of wizardry

@: gold aura
A: ignite blood 1, spiny 2, big brain 1
a: Renounce Religion, Potion Petition, Call Merchant, Bribe Branch


You were on level 8 of the Dungeon.
You worshipped Gozag.
Gozag was pleased with you.
You visited 2 branches of the dungeon, and saw 9 of its levels.

You collected 759 gold pieces.
You paid 120 gold pieces to Gozag.

Inventory:

Hand Weapons
 a - a +0 rapier
 r - a +3 short sword of electrocution (weapon)
 J - a +4 falchion of freezing
Missiles
 d - 4 throwing nets
 e - 7 javelins
 g - 99 stones (quivered)
 l - 15 poisoned darts
 x - 7 boomerangs
Armour
 b - a +0 leather armour
 c - a +0 helmet (worn)
 f - a +0 pair of boots
 j - a +0 pair of gloves (worn)
 p - a +0 buckler
 w - the +1 leather armour of Veschal (worn) {rC+ Regen+ Str+6 Stlth+}
   (You found it on level 3 of the Dungeon)

   Str:       It affects your strength (+6).
   rC:        It protects you from cold.
   Regen:     It increases your rate of health regeneration.
   Stlth:     It makes you more stealthy.
 A - a +0 hat
 K - a +2 pair of boots (worn)
 M - a +2 cloak (worn)
 O - a +0 kite shield (worn)
Jewellery
 i - a ring of protection from cold
 m - a +6 ring of dexterity (left hand)
 o - a ring of wizardry (right hand)
 s - an amulet of faith
 L - a ring of positive energy
Wands
 E - a wand of roots (15)
 I - a wand of paralysis (3)
Scrolls
 k - 3 scrolls of teleportation
 y - a scroll of fog
 D - 2 scrolls of magic mapping
 H - a scroll of enchant weapon
Potions
 h - 4 potions of cancellation
 n - a potion of attraction
 q - 2 potions of might
 t - a potion of magic
 u - 2 potions of ambrosia
 v - 3 potions of heal wounds
 z - 3 potions of curing
 B - a potion of flight
 C - a potion of invisibility {unknown}
 F - a potion of lignification {unknown}
 N - a potion of berserk rage {unknown}


   Skills:
 + Level 7.2 Fighting
 - Level 2.6 Short Blades
 - Level 5.0 Throwing
 - Level 6.0 Dodging
 - Level 2.0 Stealth
 - Level 4.0 Shields
 - Level 5.0 Spellcasting
 - Level 5.0 Summonings


You had 16 spell levels left.
You knew the following spells:

 Your Spells              Type           Power      Damage    Failure   Level
a - Call Imp              Summ           15%        N/A       5%          2

Your spell library contained the following spells:

 Spells                   Type           Power      Damage    Failure   Level
 Apportation              Tloc           6%         N/A       26%         1
 Magic Dart               Conj           12%        1d3       26%         1
 Slow                     Hex            12%        N/A       26%         1
 Blink                    Tloc           6%         N/A       38%         2
 Confusing Touch          Hex            3%         N/A       58%         3
 Dazzling Flash           Conj/Hex       6%         N/A       58%         3
 Mephitic Cloud           Conj/Pois/Air  3%         N/A       58%         3
 Vampiric Draining        Necr           3%         2d6       58%         3
 Manifold Assault         Tloc           3%         N/A       92%         4
 Summon Forest            Summ/Tloc      4%         N/A       92%         5
 Summon Mana Viper        Hex/Summ       9%         N/A       92%         5
 Agony                    Necr           3%         N/A       99%         5
 Alistair's Intoxication  Tmut/Pois      2%         N/A       99%         5
 Silence                  Hex/Air        1%         N/A       99%         5
 Summon Cactus Giant      Summ           7%         N/A       99%         6
 Storm Form               Tmut/Air       1%         N/A       100%        7


Dungeon Overview and Level Annotations

Branches:
Dungeon (8/15)             Temple (1/1) D:6
   Lair: D:8-11

Altars:
Ashenzari
Cheibriados
Dithmenos
Fedhas
Gozag
Nemelex Xobeh
Okawaru
Qazlal
Ru
Sif Muna
Trog
Uskayaw
Vehumet
Xom
Yredelemnul
Jiyva

Shops:
D:6 [

Annotations:
D:6 2 transporters, browni3141's ghost, novice NaSu
D:8 KennySheep's ghost, novice OgCj


Innate Abilities, Weirdness & Mutations

Your demonic aura sometimes causes spilled blood to erupt in flames.
You are mostly covered in sharp spines.
You have an unusually large brain. (Int +2)


Message History

Level annotation: KennySheep's ghost, novice OgCj A large slime creature splits.
The slime creature hits you but does no damage.
There is a stone staircase leading up here.
You hit the jelly. Lightning courses through the jelly!
Your hands burn!
The jelly is almost dead.
You block the slime creature's attack. The jelly misses you.
The slime creature hits you!
You hit the jelly.
You kill the jelly!
The slime creature is struck by your spines.
The slime creature closely misses you. The slime creature hits you!
You hit the slime creature.
The slime creature is lightly wounded.
The slime creature hits you but does no damage.
The slime creature hits you!
You barely miss the slime creature.
The slime creature is lightly wounded.
The slime creature is struck by your spines.
The slime creature closely misses you. You block the slime creature's attack.
You barely miss the slime creature.
The slime creature is lightly wounded.
The slime creature is struck by your spines.
The slime creature closely misses you. x2
You barely miss the slime creature. The slime creature barely misses you.
The slime creature hits you.
You hit the slime creature.
Lightning courses through the slime creature!
The slime creature is heavily wounded.
You block the slime creature's attack.
The slime creature is struck by your spines.
The slime creature hits you!
You hit the slime creature.
The slime creature is heavily wounded.
The slime creature is struck by your spines.
The slime creature hits you!
* * * LOW HITPOINT WARNING * * *
The slime creature hits you!
You die...
Your body crumbles into a pile of gold.

..# #.#######
#.#.....#
#.#.....# #
###.#.....# #
#.........# .
#####.#.#.....# #
#JJ.....##..#### #
#@###.####.....# #
#$###.####.###.# #
#..........# #.###
#..#######.###....
#### #..#
#.##..... ...####
#..# #........
##.##.########
#..# #.......#
##...#.......#
##.# #..#..#.#
....###......# #.#
#.....#.#


You could see 2 slime creatures.

Vanquished Creatures
  Psyche (D:8)
  A wyvern (D:7)
  2 steam dragons
  Edmund (D:5)
  An orc warrior (D:7)
  A sky beast (D:7)
  A black bear (D:6)
  2 ice beasts
  An ogre (D:6)
  3 centaurs
  3 phantoms
  4 necrophages
  3 scorpions (D:5)
  2 bullfrogs
  7 wights
  A howler monkey (D:6)
  2 jellies
  An orc priest (D:4)
  4 hounds
  An orc wizard (D:4)
  2 gnoll boudas
  2 iguanas
  14 gnolls
  9 adders
  5 shadow imps
  2 ufetubi
  5 dart slugs
  8 orcs
  8 endoplasms
  3 giant cockroaches
  6 goblins
  14 hobgoblins
  10 jackals
  2 quokkas
  8 ball pythons
  3 bats
  3 frilled lizards
  5 kobolds
  5 rats
156 creatures vanquished.

Notes
Turn   | Place    | Note
-------+----------+-------------------------------------------
     0 | D:1      | Newt the Demonspawn Gladiator began the quest for the Orb.
     0 | D:1      | Reached XP level 1. HP: 16/16 MP: 1/1
   230 | D:1      | Reached skill level 1 in Stealth
   479 | D:1      | Found a faded altar of an unknown god.
   565 | D:1      | Gained mutation: You are partially covered in sharp spines.
                  | [demonic ancestry]
   565 | D:1      | Reached XP level 2. HP: 13/22 MP: 2/2
  1153 | D:2      | Reached XP level 3. HP: 23/28 MP: 3/3
  1158 | D:2      | Reached skill level 3 in Fighting
  1508 | D:2      | Gained mutation: You have an unusually large brain. (Int
                  | +2) [demonic ancestry]
  1508 | D:2      | Reached XP level 4. HP: 37/37 MP: 4/4
  1863 | D:3      | Found a bloodstained altar of Trog.
  1867 | D:3      | Reached skill level 4 in Fighting
  1921 | D:3      | Identified the +1 leather armour of Veschal {rC+ Regen+
                  | Str+6 Stlth+}
  2106 | D:3      | Learned a level 2 spell: Call Imp
  2579 | D:4      | Reached XP level 5. HP: 35/42 MP: 5/5
  2712 | D:4      | Gained mutation: Your demonic aura sometimes causes spilled
                  | blood to erupt in flames. [demonic ancestry]
  2712 | D:4      | Reached XP level 6. HP: 41/48 MP: 6/6
  3147 | D:4      | Identified the +6 hand axe "Wytzaorhis" {chaos, rPois
                  | Int+4}
  3182 | D:5      | Entered Level 5 of the Dungeon
  3186 | D:5      | Reached skill level 5 in Throwing
  3186 | D:5      | Reached skill level 1 in Summonings
  3371 | D:5      | Reached skill level 1 in Shields
  3372 | D:5      | Reached XP level 7. HP: 54/54 MP: 7/7
  3622 | D:5      | Found a sacrificial altar of Ru.
  3742 | D:5      | Noticed Edmund
  3751 | D:5      | Killed Edmund
  4276 | D:6      | Reached XP level 8. HP: 58/60 MP: 8/8
  4349 | D:6      | Noticed a small abomination
  4351 | D:6      | Found a staircase to the Ecumenical Temple.
  4363 | D:6      | Reached skill level 5 in Dodging
  4373 | Temple   | Entered the Ecumenical Temple
  4724 | Temple   | Became a worshipper of Gozag Ym Sagoz the Greedy
  4744 | D:6      | Found a transporter.
  4748 | D:6      | Noticed a white ugly thing
  5146 | D:6      | Reached skill level 5 in Summonings
  5177 | D:6      | Reached skill level 1 in Spellcasting
  5220 | D:6      | Found an iron altar of Okawaru.
  5496 | D:6      | Noticed browni3141's ghost (novice NaSu)
  5502 | D:6      | Found a transporter.
  5647 | D:6      | Found Egara's Dragon-Slaying Spoils.
  5892 | D:7      | Found a basalt altar of Yredelemnul.
  5904 | D:7      | Gained mutation: You are mostly covered in sharp spines.
                  | [demonic ancestry]
  5904 | D:7      | Reached XP level 9. HP: 65/65 MP: 11/13
  6126 | D:7      | Reached skill level 5 in Spellcasting
  6404 | D:8      | Reached skill level 5 in Fighting
  6541 | D:8      | Noticed Psyche
  6614 | D:8      | Killed Psyche
  6615 | D:8      | Reached skill level 6 in Fighting
  6668 | D:8      | Found a runed translucent gate.
  6668 | D:8      | Found a runed translucent gate.
  6671 | D:8      | Found a runed translucent gate.
  6672 | D:8      | Noticed KennySheep's ghost (novice OgCj)
  6760 | D:8      | Reached skill level 7 in Fighting
  7054 | D:8      | Found a viscous altar of Jiyva.
  7324 | D:8      | Slain by a slime creature

Illustrated notes

Levels and vault maps discovered:
D:1:      lemuel_arrival_lava_pool, layout_loops_corners,
          shapermc_ecumenical_altar_petra
D:2:      layout_loops_ring
D:3:      layout_basic, trog_hazing_becter
D:4:      kennysheep_six_static_rooms, layout_basic
D:5:      layout_loops_corners, pf_just_have_faith, minmay_misc_feat_doors,
          uniq_edmund
D:6:      layout_basic, lemuel_tele_altar,
          minmay_temple_entry_statues_fountains, gammafunk_ghost_abyssal_escape,
          grunt_ministairs_2, amcnicky_mini_corridor_feature,
          grunt_decor_junction, nicolae_zen_rock_garden,
          nicolae_shop_dragon_depot
D:7:      layout_cave_pools, lemuel_crystal_altar
D:8:      layout_loops_cross, gammafunk_ghost_ooze, uniq_psyche
Temple:   hc_temple_tempest_star

Skill      XL: |  1  2  3  4  5  6  7  8  9 |
---------------+----------------------------+-----
Stealth        | 1 2 |  2.0
Fighting       | 3 4 7 |  7.2
Throwing       | 3 4 5 |  5.0
Summonings     | 2 5 |  5.0
Shields        | 1 4 |  4.0
Dodging        | 4 6 |  6.0
Spellcasting   | 2 5 |  5.0
Short Blades   | |  2.6

Action                     |  1- 3 |  4- 6 |  7- 9 || total
---------------------------+-------+-------+-------++-------
  Melee: Rapier            |    72 |       |       ||    72
         Short sword       |    26 |   125 |   258 ||   409
         Unarmed           |       |       |     2 ||     2
  Throw: Stone             |     1 |       |       ||     1
         Javelin           |       |       |     6 ||     6
   Cast: Call Imp          |       |       |     4 ||     4
    Use: Scroll            |     2 |     4 |     6 ||    12
         Potion            |       |       |     2 ||     2
   Stab: Sleeping          |     4 |    12 |     7 ||    23
         Distracted        |     1 |       |     2 ||     3
 Armour: Leather armour    |    31 |    30 |    51 ||   112
  Dodge: Dodged            |    61 |    40 |   140 ||   241
  Block: Buckler           |     6 |    16 |    69 ||    91
         Kite shield       |       |       |     4 ||     4

Table legend: (Time is in decaauts)
 A = Elapsed time spent in this place.
 B = Non-inter-level travel time spent in this place.
 C = Inter-level travel time spent in this place.
 D = Time resting spent in this place.
 E = Time spent auto-exploring this place.
 F = Levels seen in this place.
 G = Mean time per level.
                   A        B        C        D        E       F      G
               +--------+--------+--------+--------+--------+-----+--------+
         Total |   7306 |   6840 |    466 |    467 |   5117 |   9 |  811.8 |
       Dungeon |   6920 |   6496 |    424 |    467 |   4788 |   8 |  865.0 |
        Temple |    386 |    344 |     42 |      0 |    328 |   1 |  386.0 |
               +--------+--------+--------+--------+--------+-----+--------+

Top non-repeatable levels by time:
     D:6: 1130 daAuts
     D:1: 1109 daAuts
     D:5: 1048 daAuts
     D:7: 859 daAuts
     D:8: 708 daAuts
     D:4: 693 daAuts
     D:3: 692 daAuts
     D:2: 679 daAuts
  Temple: 386 daAuts
